 Dungeon Crawl Stone Soup version 0.26-a0-1033-gd598b01645 (webtiles) character file.

Game seed: 18047485211893121994

420 Floopie the Chopper (level 6, -1/57 HPs)
             Began as a Deep Dwarf Delver on Dec 10, 2020.
             Slain by a quokka (2 damage)
             ... on level 6 of the Dungeon.
             The game lasted 00:08:04 (293 turns).

Floopie the Chopper (Deep Dwarf Delver)              Turns: 293, Time: 00:08:05

Health: -1/57      AC: 10    Str: 17    XL:     6   Next: 62%
Magic:  0/0        EV:  4    Int: 11    God:
Gold:   43         SH:  0    Dex: 14    Spells: 5/5 levels left

rFire    . . .     SeeInvis .   a - +0 hand axe
rCold    . . .     Faith    .   (no shield)
rNeg     . . .     Spirit   .   R - +0 plate armour
rPois    .         Reflect  .   (no helmet)
rElec    .         Harm     .   (no cloak)
rCorr    .         Rampage  .   (no gloves)
Will     .....                  (no boots)
Stlth    ..........             (no amulet)
HPRegen  0.00/turn              (no ring)
MPRegen  0.07/turn              (no ring)

@: lethally poisoned (-1 -> -1), non-regenerating, heavily drained
A: damage resistance, heal wounds, sense surroundings 1, no regeneration
a: Heal Wounds


You were on level 6 of the Dungeon.
You visited 1 branch of the dungeon, and saw 3 of its levels.

You collected 43 gold pieces.

Inventory:

Hand Weapons
 a - a +0 hand axe (weapon)
 P - a +0 spear
Missiles
 N - 5 boomerangs of dispersal
Armour
 b - a +0 leather armour
 Q - a +0 scale mail
 R - a +0 plate armour (worn)
Wands
 D - a wand of digging (3)
Scrolls
 c - a scroll of fog
 e - a scroll of fear
 M - a scroll of magic mapping
 O - a scroll of teleportation {unknown}


   Skills:
 + Level 3.9(2.2) Fighting
 * Level 7.1(5.3) Axes
 - Level 2.1(0.6) Dodging
 - Level 6.0(4.2) Stealth


You had 5 spell levels left.
You didn't know any spells.
Your spell library was empty.

Dungeon Overview and Level Annotations

Branches:
Dungeon (7/15)
 Temple: D:4-7

Altars:

Shops:
D:5 *[


Innate Abilities, Weirdness & Mutations

You are resistant to damage.
You can heal yourself by infusing magical energy.
You passively map a small area around you.
You do not regenerate.


Message History

The bullfrog gives a loud, deep croak!
A quokka comes into view.
The bullfrog hits you but does no damage.
Found 9 stones.
The bullfrog hits you but does no damage.
The worker ant barely misses you. The bullfrog barely misses you.
The worker ant bites you.
* * * LOW HITPOINT WARNING * * *
You are poisoned.
The worker ant poisons you!
The bullfrog hits you but does no damage.
The quokka bites you but does no damage.
The worker ant bites you but does no damage.
You hit the quokka.
The quokka is heavily wounded.
You hit the worker ant but do no damage.
You closely miss the bullfrog.
The bullfrog hits you but does no damage.
The quokka bites you.
You die...

#......)<##.##..##..
#....#####..........
...###*##...........
,
...##.##............
, .
.................. ,
,#..##.............
. , #.......>.....
#.F...........
,#..@B.........*
.......r.........
*................ *
,............### * ,
............#
.(#...........
.##.........#.. * ,
.#........### ,
.....


You could see a bullfrog, a worker ant and a quokka.

Vanquished Creatures
  A sky beast (D:6)
  A gnoll sergeant (D:7)
  A wight (D:6)
  A hound (D:6)
  4 orc priests (D:6)
  An orc wizard (D:6)
  An adder (D:6)
  3 gnolls (D:7)
  An ufetubus (D:6)
  An adder zombie (D:6)
  5 orcs (D:6)
  A jackal skeleton (D:6)
21 creatures vanquished.

Notes
Turn   | Place    | Note
-------+----------+-------------------------------------------
     0 | D:5      | Floopie the Deep Dwarf Delver began the quest for the Orb.
     0 | D:5      | Reached XP level 1. HP: 20/20 MP: 1/1
     1 | D:6      | Noticed an orc priest
     1 | D:6      | Noticed an orc priest
     1 | D:6      | Noticed an orc priest
     1 | D:6      | Noticed an orc wizard
    14 | D:5      | Noticed a howler monkey
    27 | D:5      | Found Ippudo's Assorted Antiques.
    28 | D:5      | Noticed a howler monkey
    35 | D:6      | Noticed a sky beast
    35 | D:6      | Noticed an orc priest
    35 | D:6      | Noticed an orc priest
    43 | D:6      | Killed an orc priest
    44 | D:6      | Reached skill level 3 in Fighting
    44 | D:6      | Reached skill level 3 in Axes
    44 | D:6      | Reached XP level 2. HP: 21/28 MP: 2/2
    44 | D:6      | Reached XP level 3. HP: 25/34 MP: 3/3
    51 | D:6      | Reached skill level 4 in Axes
    72 | D:6      | Reached XP level 4. HP: 32/42 MP: 4/4
    89 | D:6      | Killed a sky beast
    90 | D:6      | Reached skill level 5 in Axes
    90 | D:6      | Reached XP level 5. HP: 17/49 MP: 5/5
   134 | D:6      | Reached skill level 6 in Axes
   175 | D:7      | Reached XP level 6. HP: 34/56 MP: 3/3
   241 | D:6      | HP: 2/56 [orc priest/nerve-wracking pain (10)]
   270 | D:6      | Reached skill level 7 in Axes
   271 | D:6      | HP: 2/57 [orc priest/divine providence (14)]
   292 | D:6      | HP: 1/57 [worker ant (1)]
   293 | D:6      | Slain by a quokka

Illustrated notes

Levels and vault maps discovered:
D:5:      layout_basic, lightli_temple_of_fire, minmay_temple_entry_sparse_star,
          serial_shops, shop_fountains, nicolae_shop_behind_doors,
          nicolae_shop_stone, shop, shop, minmay_bent
D:6:      layout_cave_pools, elyvilon_altar_1
D:7:      lemuel_insect_pit, layout_loops_ring, marbit_many_paths,
          enter_bailey_6, basic_altar, serial_shops, nicolae_shop_trees

Skill      XL: |  1  2  3  4  5  6 |
---------------+-------------------+-----
Fighting       | 3 |  3.9
Axes           | 3 4 5 6 7 |  7.1
Dodging        | |  2.1
Stealth        | |  6.0

Action                   |  1- 3 |  4- 6 || total
-------------------------+-------+-------++-------
Melee: Hand axe          |    27 |    87 ||   114
 Abil: Heal Wounds       |     6 |    12 ||    18
  Use: Potion            |     2 |       ||     2
 Stab: Sleeping          |       |     1 ||     1
Armor: Leather armour    |     8 |    11 ||    19
       Plate armour      |       |    41 ||    41
Dodge: Dodged            |    40 |    49 ||    89

Table legend: (Time is in decaauts)
 A = Elapsed time spent in this place.
 B = Non-inter-level travel time spent in this place.
 C = Inter-level travel time spent in this place.
 D = Time resting spent in this place.
 E = Time spent auto-exploring this place.
 F = Levels seen in this place.
 G = Mean time per level.
                   A        B        C        D        E       F      G
               +--------+--------+--------+--------+--------+-----+--------+
         Total |    283 |    283 |      0 |      0 |     12 |   3 |   94.3 |
       Dungeon |    283 |    283 |      0 |      0 |     12 |   3 |   94.3 |
               +--------+--------+--------+--------+--------+-----+--------+

Top non-repeatable levels by time:
     D:6: 202 daAuts
     D:7: 44 daAuts
     D:5: 36 daAuts
